 Dungeon Crawl Stone Soup version 0.30.1-11-g7821555f0a (webtiles) character file.

Game seed: 16648101289193417011

145575 blanketernal the Warrior (level 16, -31/235 HPs)
             Began as a Minotaur Gladiator on Dec 2, 2023.
             Was an Initiate of Gozag.
             Annihilated by a +1 executioner's axe of flaming (36 damage)
             ... on level 2 of the Elven Halls.
             The game lasted 02:12:51 (34349 turns).

blanketernal the Warrior (Minotaur Gladiator)      Turns: 34349, Time: 02:12:53

Health: -31/235    AC: 13    Str: 30    XL:     16   Next: 87%
Magic:  15/15      EV: 30    Int:  7    God:    Gozag
Gold:   4282       SH:  0    Dex: 29    Spells: 13/15 levels left

rFire   . . .        O - +4 quarterstaff (chaos)
rCold   + . .        (shield currently unavailable)
rNeg    . . .        S - +0 leather armour of Gluttony {rC+ Str+5 Int+2}
rPois   +            u - +1 hat
rElec   .            P - +0 cloak {rPois}
rCorr   .            x - +0 pair of fencer's gloves {Riposte Dex+3}
SInv    .            p - +2 pair of boots {rampage}
Will    +....        K - amulet of the acrobat Stlth
                     r - +6 ring of dexterity
HPRegen 0.59/turn    m - +6 ring of dexterity
MPRegen 0.14/turn

%: acrobat, rampage
@: berserking (expiring), gold aura, very quick
A: horns 2, retaliatory headbutt
a: Renounce Religion, Potion Petition, Call Merchant, Bribe Branch


You were on level 2 of the Elven Halls.
You worshipped Gozag.
Gozag was most pleased with you.
You visited 6 branches of the dungeon, and saw 26 of its levels.

You collected 10452 gold pieces.
You spent 5473 gold pieces at shops.
You paid 697 gold pieces to Gozag.

Inventory:

Hand Weapons
 f - the +8 trident of Ekeosoun {freeze, *Rage rF+ rN+ Str+8}
   (You found it on level 1 of the Lair of Beasts)

   Str:       It affects your strength (+8).
   rF:        It protects you from fire.
   rN:        It protects you from negative energy.
   *Rage:     It berserks you when you make melee attacks (+20% chance).
 O - a +4 quarterstaff of chaos (weapon)
Armour
 p - a +2 pair of boots of rampaging (worn)
 u - a +1 hat (worn)
 w - the +0 cloak of Grace {+Inv Dex-2 Slay+6}
   (You found it on level 2 of the Elven Halls)

   Dex:       It affects your dexterity (-2).
   Slay:      It affects your accuracy & damage with ranged weapons and melee
   (+6).
   +Inv:      It lets you turn invisible.
 x - the +0 pair of fencer's gloves (worn) {Riposte Dex+3}
   (You found it on level 4 of the Dungeon)

   Riposte:   It allows the wearer to riposte with melee weapons, swiftly
   retaliating against missed or blocked melee attacks.
   Dex:       It affects your dexterity (+3).
 G - the +1 leather armour of Beaptu {Fly rElec Will+}
   (You found it on level 7 of the Dungeon)

   rElec:     It insulates you from electricity.
   Fly:       It grants you flight.
   Will:      It increases your willpower.
 P - a +0 cloak of poison resistance (worn)
 S - the +0 leather armour of Gluttony (worn) {rC+ Str+5 Int+2}
   (You bought it in a shop on level 2 of the Elven Halls)

   Str:       It affects your strength (+5).
   Int:       It affects your intelligence (+2).
   rC:        It protects you from cold.
Jewellery
 a - a ring of protection from fire
 g - a ring of see invisible
 m - a +6 ring of dexterity (right hand)
 r - a +6 ring of dexterity (left hand)
 t - an amulet of regeneration
 F - a ring of flight
 K - an amulet of the acrobat (around neck)
 Q - the amulet "Wyerarin" {Spirit rC+ rCorr}
   (You found it on level 4 of the Lair of Beasts)

   [amulet of guardian spirit]

   It causes incoming damage to be divided between your reserves of health and
   magic.
   rC:        It protects you from cold.
   rCorr:     It protects you from acid and corrosion.
Wands
 E - a wand of digging (9)
Scrolls
 c - 4 scrolls of teleportation
 j - 7 scrolls of fog
 l - 4 scrolls of magic mapping
 n - 2 scrolls of enchant weapon
 o - 2 scrolls of silence
 s - 5 scrolls of fear
 v - 2 scrolls of enchant armour
 B - a scroll of identify
 D - 6 scrolls of vulnerability
 J - a scroll of brand weapon
 M - 5 scrolls of amnesia
 N - a scroll of blinking
 T - 3 scrolls of immolation
 U - 2 scrolls of torment
 X - 4 scrolls of poison
 Y - 3 scrolls of acquirement
Potions
 b - 4 potions of haste
 h - a potion of invisibility
 k - 2 potions of heal wounds (quivered)
 q - 9 potions of brilliance
 y - a potion of berserk rage
 z - 5 potions of mutation
 A - 5 potions of might
 H - 4 potions of resistance
 I - 3 potions of cancellation
 L - 9 potions of flight
 R - 4 potions of curing
 V - 7 potions of attraction
 W - a potion of ambrosia
 Z - a potion of magic
Miscellaneous
 C - a box of beasts


   Skills:
 + Level 18.0 Fighting
 - Level 12.0 Staves
 - Level 2.0 Throwing
 + Level 17.9 Armour
 + Level 16.9 Dodging
 * Level 8.6 Earth Magic
 * Level 9.4 Evocations


You had 13 spell levels left.
You knew the following spells:

 Your Spells              Type           Power      Damage    Failure   Level
a - Passwall              Tmut/Erth      5%         N/A       13%         2

Your spell library contained the following spells:

 Spells                   Type           Power      Damage    Failure   Level
 Freeze                   Ice            0%         1d3       45%         1
 Magic Dart               Conj           0%         1d3       45%         1
 Slow                     Hex            0%         N/A       45%         1
 Summon Small Mammal      Summ           0%         N/A       45%         1
 Call Imp                 Summ           0%         N/A       58%         2
 Cigotuvi's Dreadful Rot  Necr/Pois/Air  0%         N/A       58%         2
 Ensorcelled Hibernation  Hex/Ice        0%         N/A       58%         2
 Sublimation of Blood     Necr           0%         N/A       58%         2
 Wereblood                Tmut           0%         N/A       58%         2
 Petrify                  Tmut/Erth      6%         N/A       65%         4
 Call Canine Familiar     Summ           0%         N/A       83%         3
 Confusing Touch          Hex            0%         N/A       83%         3
 Frozen Ramparts          Ice            0%         1d1       83%         3
 Hailstorm                Conj/Ice       0%         3d3       83%         3
 Mephitic Cloud           Conj/Pois/Air  0%         N/A       83%         3
 Portal Projectile        Hex/Tloc       0%         N/A       83%         3
 Spider Form              Tmut/Pois      0%         N/A       83%         3
 Summon Guardian Golem    Hex/Summ       0%         N/A       83%         3
 Swiftness                Air            0%         N/A       83%         3
 Tukima's Dance           Hex            0%         N/A       83%         3
 Vampiric Draining        Necr           0%         2d6       83%         3
 Anguish                  Hex/Necr       0%         N/A       99%         4
 Dispel Undead            Necr           0%         3d6       99%         4
 Blade Hands              Tmut           0%         N/A       100%        5
 Irradiate                Conj/Tmut      0%         3d11      100%        5
 Metabolic Englaciation   Hex/Ice        0%         N/A       100%        5
 Summon Forest            Summ/Tloc      0%         N/A       100%        5
 Death Channel            Necr           0%         N/A       100%        6
 Eringya's Noxious Bog    Tmut/Pois      0%         N/A       100%        6
 Statue Form              Tmut/Erth      4%         N/A       100%        6
 Summon Hydra             Summ           0%         N/A       100%        7


Dungeon Overview and Level Annotations

Branches:
Dungeon (14/15)            Temple (1/1) D:4            Lair (5/5) D:10
 Shoals (0/4) Lair:3        Snake (2/4) Lair:2        Slime (0/5) Lair:5
    Orc (2/2) D:11            Elf (2/3) Orc:2        Vaults (0/5) D:14

Altars:
Ashenzari
Cheibriados
Dithmenos
Elyvilon
Fedhas
Gozag
Hepliaklqana
Kikubaaqudgha
Makhleb
Nemelex Xobeh
Okawaru
Qazlal
Ru
Sif Muna
Trog
Uskayaw
Vehumet
Wu Jian
Xom
Yredelemnul
Zin
The Shining One
Jiyva

Shops:
D:1 :   D:10 *   D:11 :[   Orc:2 [[!((   Elf:1 (   Elf:2 *[?**

Annotations:
Lair:4 exclusion: ice statue
Snake:2 1 runed translucent door


Innate Abilities, Weirdness & Mutations

You have a pair of horns on your head.
You reflexively headbutt those who attack you in melee.


Message History

* * * LOW HITPOINT WARNING * * *
Something blocks your attack.
You feel sick. Something closely misses you.
You sock something! Your headbutt misses something. You thump something!
You burn something!
You feel sick. Something hits you!
* * * LOW HITPOINT WARNING * * *
Something blocks your attack. Something misses you.
You completely miss something. You headbutt something!
You feel sick. Something hits you!
* * * LOW HITPOINT WARNING * * *
Something blocks your attack.
Your headbutt misses something. You closely miss something. Something hits you.
* * * LOW HITPOINT WARNING * * *
Something blocks your attack.
You headbutt something!
You feel sick.
You are no longer poisoned.
Something hits you.
* * * LOW HITPOINT WARNING * * *
You barely miss something. Something blocks your attack.
Something closely misses you.
You bludgeon something!! You freeze something.
Reactivating autopickup.
You feel a bit more experienced.
You hit the +1 executioner's axe of flaming.
The +1 executioner's axe of flaming is lightly damaged.
You closely miss the +1 executioner's axe of flaming.
You headbutt the +1 executioner's axe of flaming, but do no damage.
The +1 executioner's axe of flaming is lightly damaged.
The +1 executioner's axe of flaming hits you!!
* * * LOW HITPOINT WARNING * * *
The +1 executioner's axe of flaming burns you!
* * * LOW HITPOINT WARNING * * *
You hit the +1 executioner's axe of flaming.
You headbutt the +1 executioner's axe of flaming.
The +1 executioner's axe of flaming is moderately damaged.
You sock the +1 executioner's axe of flaming!
The +1 executioner's axe of flaming is unaffected.
You headbutt the +1 executioner's axe of flaming.
The +1 executioner's axe of flaming is almost destroyed.
The +1 executioner's axe of flaming hits you!!!
You die...
Your body crumbles into a pile of gold.

#.....#### #............
#####....# ##............
######...######.....##......
#.............#....#####....
#...#.....#...##..## ##...
#..###...###..###..#####....
...###.## ##.## ##.###...##......
....##..###...###..##............
.....#...#.....#@..#.............
....##.........(...##...........#
...# #...#.....#...###.........##
...###..###...###..###.........##
....##.## ##$## ##.##...........#
.....#..###.$.###..#.............
....##...#.....#...##.....)......
(..###.............###...[#......
..$#######'''''#######...###.....


You could see a +1 executioner's axe of flaming.

Vanquished Creatures
  Mlioglotl (Snake:1)
  Nessos (Lair:5)
  A deep elf demonologist (Elf:1)
  Snorg (D:11)
  A deep elf death mage (Elf:1)
  The ghost of kalagan the Thaumaturge, a journeyman DECj of Sif Muna (Lair:4)
  2 fire dragons
  Harold (Lair:2)
  5 hydras
  3 centaur warriors
  A boulder beetle (D:12)
  An anaconda (Snake:1)
  19 dancing weapons
  5 death yaks
  3 naga warriors
  A tengu warrior (D:11)
  3 orc high priests
  5 naga sharpshooters
  6 two-headed ogres
  Sonja (D:12)
  2 shock serpents (Snake:1)
  14 deep elf knights
  Nergalle (Lair:3)
  2 skysharks
  2 salamander mystics (Snake:1)
  Lodul (D:10)
  A deep troll (D:14)
  A swamp dragon (Lair:5)
  Pikel (D:6)
  2 naga ritualists (Snake:1)
  A necromancer (D:14)
  7 deep elf archers
  19 deep elf zephyrmancers
  A phantasmal warrior (D:14)
  A harpy (shapeshifter) (D:14)
  19 deep elf pyromancers
  9 orc sorcerers
  An ugly thing (D:12)
  4 cyclopes
  4 mana vipers (Snake:1)
  3 salamanders
  A manticore (D:12)
  6 elephants
  21 black mambas
  A merfolk siren (Lair:3)
  A guardian serpent (Snake:1)
  14 slime creatures
  4 gargoyles
  A guardian serpent (shapeshifter) (D:10)
  5 naga magi (Snake:1)
  12 cane toads
  4 rime drakes
  9 komodo dragons
  2 kobold demonologists (D:10)
  2 efreet
  10 trolls
  12 polar bears
  A troll (shapeshifter) (Lair:5)
  The ghost of Mique the Firebug, an amateur DrFE (D:4)
  A hornet (Lair:1)
  Prince Ribbit (D:5)
  4 blink frogs (Lair:5)
  2 raiju (Lair:5)
  2 air elementals (Elf:1)
  Sigmund (D:4)
  A water elemental (Elf:2)
  2 yaks (shapeshifter) (Lair:5)
  A shadow (D:13)
  3 fire elementals
  42 yaks
  7 wyverns
  10 basilisks
  2 wraiths
  3 fire bats (Lair:3)
  2 steam dragons
  Eustachio (D:6)
  19 wargs
  11 vampire mosquitoes
  Menkaure (D:4)
  Edmund (D:4)
  12 nagas
  3 acid dragons
  16 hell hounds
  14 water moccasins
  15 black bears
  A swamp drake (Lair:5)
  A black bear (shapeshifter) (Lair:4)
  21 orc warriors
  2 ice beasts (D:6)
  3 sky beasts
  12 ogres
  48 wolves
  A centaur (shapeshifter) (Elf:1)
  10 centaurs
  4 lemures
  A phantom (D:5)
  9 bullfrogs
  2 earth elementals (Elf:1)
  6 kobold brigands
  7 gnoll sergeants
  7 scorpions
  5 wights
  23 killer bees
  5 howler monkeys
  9 electric eels
  3 lava snakes (Lair:2)
  3 quasits (D:7)
  6 hounds
  2 jellies
  23 orc priests
  Crazy Yiuf (D:6)
  4 gnoll boudas
  12 iguanas
  40 orc wizards
  Robin (D:3)
  9 gnolls
  4 adders
  A shadow imp (D:7)
  2 white imps
  2 worms
  5 dart slugs
  67 orcs
  7 bats
  10 endoplasms
  2 giant cockroaches
  20 goblins
  10 hobgoblins
  2 jackals (D:4)
  5 quokkas
  7 ball pythons
  7 frilled lizards
  18 kobolds
  2 rats
894 creatures vanquished.

Vanquished Creatures (collateral kills)
  A naga sharpshooter (Snake:2)
1 creature vanquished.

Vanquished Creatures (others)
  A deep elf knight (Elf:2)
  A komodo dragon (Lair:5)
  A hell hound (Lair:5)
  An iguana (Lair:5)
4 creatures vanquished.

Grand Total: 899 creatures vanquished

Notes
Turn   | Place    | Note
-------+----------+-------------------------------------------
     0 | D:1      | blanketernal the Minotaur Gladiator began the quest for the
                  | Orb.
     0 | D:1      | Reached XP level 1. HP: 18/18 MP: 0/0
   147 | D:1      | Found Nino's Distillery.
   163 | D:1      | Found Titt's Book Shop.
   248 | D:1      | Reached XP level 2. HP: 17/25 MP: 1/1
   402 | D:1      | Reached skill level 1 in Armour
   420 | D:1      | Found Xargheahopa's Magic Scroll Shoppe.
   901 | D:2      | Reached skill level 3 in Fighting
   901 | D:2      | Reached XP level 3. HP: 31/31 MP: 2/2
  1409 | D:3      | Reached XP level 4. HP: 31/38 MP: 3/3
  1462 | D:3      | Noticed Robin
  1588 | D:3      | Killed Robin
  1768 | D:3      | Reached XP level 5. HP: 40/46 MP: 4/4
  1823 | D:3      | Found a faded altar of an unknown god.
  1964 | D:3      | Reached skill level 4 in Fighting
  1964 | D:3      | Reached skill level 5 in Staves
  2277 | D:4      | Found the +0 pair of fencer's gloves {Riposte Dex+3}
  2277 | D:4      | Noticed Menkaure
  2390 | D:4      | Reached XP level 6. HP: 52/52 MP: 5/5
  2613 | D:4      | Found a staircase to the Ecumenical Temple.
  2621 | Temple   | Entered the Ecumenical Temple
  2969 | Temple   | Became a worshipper of Gozag Ym Sagoz the Greedy
  3010 | D:4      | Reached skill level 5 in Dodging
  3087 | D:4      | Noticed Mique's ghost (amateur DrFE)
  3090 | D:4      | Found a transporter.
  3125 | D:4      | Noticed Sigmund
  3214 | D:4      | Reached skill level 5 in Fighting
  3214 | D:4      | Reached XP level 7. HP: 61/61 MP: 6/6
  3252 | D:4      | Found a transporter.
  3315 | D:4      | Noticed Edmund
  3457 | D:1      | Bought a potion of heal wounds for 55 gold pieces
  3457 | D:1      | Bought a potion of heal wounds for 55 gold pieces
  3583 | D:4      | Killed Edmund
  3610 | D:4      | Killed Menkaure
  3683 | D:4      | Reached skill level 5 in Armour
  3751 | D:4      | Killed Sigmund
  3752 | D:4      | Reached skill level 6 in Fighting
  3752 | D:4      | Reached XP level 8. HP: 28/70 MP: 7/7
  4268 | D:5      | Entered Level 5 of the Dungeon
  4284 | D:5      | Noticed Prince Ribbit
  4356 | D:5      | Identified the +2 trident "Batizasmac" {freeze, Dex+2}
  4845 | D:5      | Killed Prince Ribbit
  4846 | D:5      | Reached skill level 7 in Fighting
  5082 | D:5      | Reached XP level 9. HP: 60/79 MP: 8/8
  5645 | D:6      | Noticed Pikel
  6142 | D:4      | Killed Mique's ghost
  6143 | D:4      | Reached skill level 8 in Fighting
  6347 | D:1      | Bought a potion of heal wounds for 55 gold pieces
  6347 | D:1      | Bought a potion of curing for 33 gold pieces
  6400 | D:1      | Bought a scroll of fear for 56 gold pieces
  6400 | D:1      | Bought a scroll of brand weapon for 133 gold pieces
  6400 | D:1      | Bought a scroll of blinking for 105 gold pieces
  6453 | D:1      | Bought a potion of flight for 33 gold pieces
  6584 | D:6      | Killed Pikel
  6940 | D:6      | Noticed Eustachio
  6953 | D:6      | Killed Eustachio
  7036 | D:6      | Found a runed translucent door.
  7037 | D:6      | Noticed Crazy Yiuf
  7150 | D:6      | Killed Crazy Yiuf
  7390 | D:7      | Reached skill level 9 in Fighting
  7390 | D:7      | Reached XP level 10. HP: 90/91 MP: 9/9
  7906 | D:7      | Identified the +1 leather armour of Beaptu {Fly rElec
                  | Will+}
  8887 | D:1      | Bought a scroll of blinking for 105 gold pieces
  8940 | D:1      | Bought a potion of resistance for 110 gold pieces
  9154 | D:8      | Reached skill level 10 in Staves
  9282 | D:8      | Found a bloodstained altar of Trog.
  9283 | D:8      | Found a hazy altar of Hepliaklqana.
  9882 | D:9      | Reached skill level 10 in Fighting
  9953 | D:9      | Noticed a two-headed ogre
  9960 | D:9      | Killed a two-headed ogre
 10146 | D:9      | Noticed a two-headed ogre
 10156 | D:9      | Killed a two-headed ogre
 10157 | D:9      | Reached skill level 10 in Armour
 10384 | D:10     | Entered Level 10 of the Dungeon
 10395 | D:9      | Reached skill level 10 in Dodging
 10395 | D:9      | Reached XP level 11. HP: 93/101 MP: 10/10
 10535 | D:10     | Noticed a two-headed ogre
 10572 | D:10     | Found Lyxzuas's Serpentskin Sales.
 10586 | D:10     | a wyvern changed into a glowing shapeshifter
 10586 | D:10     | Noticed a glowing shapeshifter (glowing shapeshifter)
 10587 | D:10     | a glowing shapeshifter changed into a faun
 10590 | D:10     | a faun changed into a death drake
 10590 | D:10     | Noticed a death drake (glowing shapeshifter)
 10596 | D:10     | a death drake changed into a faun
 10697 | D:10     | Noticed a deep troll
 10718 | D:10     | Noticed Lodul
 10799 | D:10     | Killed a two-headed ogre
 10977 | D:10     | Found a staircase to the Lair.
 10983 | D:10     | Reached skill level 11 in Fighting
 11202 | D:10     | Killed Lodul
 11398 | D:10     | a snapping turtle changed into a shock serpent
 11398 | D:10     | Noticed a shock serpent (glowing shapeshifter)
 11401 | D:10     | a shock serpent changed into a manticore
 11507 | D:10     | Noticed a two-headed ogre
 11514 | D:10     | Killed a two-headed ogre
 11583 | D:10     | Noticed a two-headed ogre
 11804 | D:10     | Noticed a two-headed ogre
 11810 | D:10     | Reached skill level 12 in Fighting
 11817 | D:10     | Killed a two-headed ogre
 11818 | D:10     | Reached XP level 12. HP: 102/112 MP: 11/11
 11859 | D:10     | Killed a two-headed ogre
 12964 | D:1      | Bought a scroll of poison for 56 gold pieces
 12964 | D:1      | Bought a scroll of acquirement for 728 gold pieces
 12964 | D:1      | Bought a scroll of silence for 133 gold pieces
 12964 | D:1      | Bought a scroll of poison for 56 gold pieces
 12964 | D:1      | Bought a scroll of amnesia for 56 gold pieces
 13017 | D:1      | Bought a potion of magic for 88 gold pieces
 13017 | D:1      | Bought a potion of flight for 33 gold pieces
 13017 | D:1      | Bought a potion of flight for 33 gold pieces
 13445 | D:11     | Reached skill level 13 in Fighting
 13638 | D:11     | Noticed a tengu warrior
 13664 | D:11     | Killed a tengu warrior
 13902 | D:11     | Found Hixtupin's Book Shop.
 14034 | D:11     | Found a staircase to the Orcish Mines.
 14513 | D:12     | Identified the +0 chain mail of Wes Zoix {rElec rC+}
 15099 | D:12     | Noticed a boulder beetle
 15389 | D:12     | Found a glowing silver altar of Zin.
 15437 | D:12     | Killed a boulder beetle
 15438 | D:12     | Reached skill level 14 in Fighting
 15438 | D:12     | Reached XP level 13. HP: 124/124 MP: 12/12
 15450 | D:12     | Noticed Sonja
 15460 | D:12     | Killed Sonja
 17099 | D:11     | Learned a level 2 spell: Passwall
 17210 | Lair:1   | Entered Level 1 of the Lair of Beasts
 17311 | Lair:1   | Identified the +8 trident of Ekeosoun {freeze, *Rage rF+
                  | rN+ Str+8}
 17355 | Lair:1   | You are sucked into a shaft and drop 1 floor!
 17625 | Lair:2   | Reached skill level 1 in Evocations
 17760 | Lair:1   | Reached skill level 1 in Earth Magic
 18462 | Lair:2   | Found a staircase to the Snake Pit.
 18658 | Lair:2   | Noticed Harold
 18663 | Lair:2   | Killed Harold
 19203 | Orc:1    | Entered Level 1 of the Orcish Mines
 19218 | Orc:1    | Noticed Snorg
 19247 | D:11     | Killed Snorg
 19610 | Orc:1    | Reached skill level 15 in Fighting
 19956 | Orc:2    | Entered Level 2 of the Orcish Mines
 20337 | Orc:2    | Found Niemoc's Armour Emporium.
 20351 | Orc:2    | Bought a +2 pair of boots of rampaging for 301 gold pieces
 20483 | Orc:2    | Paralysed by an orc sorcerer for 3 turns
 20912 | Orc:2    | Found a staircase to the Elven Halls.
 20975 | Orc:2    | Reached skill level 15 in Armour
 20979 | Orc:2    | Reached XP level 14. HP: 135/135 MP: 13/13
 21067 | Orc:2    | Found Gohadoe's Armour Boutique.
 21067 | Orc:2    | Found Hisch's Weapon Shop.
 21067 | Orc:2    | Found Cuuch's Antique Weapon Shop.
 21144 | Orc:2    | Found Saset's Distillery.
 21153 | Orc:2    | Bought a potion of degeneration for 15 gold pieces
 21153 | Orc:2    | Bought a potion of attraction for 45 gold pieces
 21153 | Orc:2    | Bought a potion of haste for 150 gold pieces
 21627 | Lair:3   | Noticed Nergalle
 21646 | Lair:3   | Killed Nergalle
 22368 | Lair:3   | Found a staircase to the Shoals.
 22544 | Snake:1  | Entered Level 1 of the Snake Pit
 22906 | Snake:1  | Found a broken altar of Ashenzari.
 23182 | Snake:1  | You are sucked into a shaft and drop 1 floor!
 23425 | Snake:2  | Reached skill level 5 in Evocations
 23548 | Snake:2  | Found a runed translucent door.
 24434 | Snake:1  | Noticed Mlioglotl
 24637 | Snake:1  | Reached skill level 15 in Dodging
 24695 | Snake:1  | Reached skill level 16 in Fighting
 24695 | Snake:1  | Reached skill level 5 in Earth Magic
 25491 | Snake:1  | Killed Mlioglotl
 26238 | D:14     | Reached XP level 15. HP: 144/144 MP: 14/14
 26557 | D:14     | Found a gate to the Vaults.
 27286 | Lair:4   | Found a transporter.
 27287 | Lair:4   | Noticed kalagan's ghost (journeyman DECj)
 27915 | Lair:4   | Found a transporter.
 28121 | Lair:4   | Identified the amulet "Wyerarin" {Spirit rC+ rCorr}
 28136 | Lair:4   | Killed kalagan's ghost
 28432 | Lair:5   | Entered Level 5 of the Lair of Beasts
 28432 | Lair:5   | Found a runed translucent door.
 28595 | Lair:5   | Found a viscous altar of Jiyva.
 29151 | Lair:5   | Noticed Nessos
 29168 | Lair:5   | Killed Nessos
 29381 | Lair:5   | Reached skill level 17 in Fighting
 29523 | Lair:5   | Identified the orb of Gallantry {*Rage, Will++ Dex+3}
 29608 | Lair:5   | Found a staircase to the Slime Pits.
 30278 | Elf:1    | Entered Level 1 of the Elven Halls
 30394 | Elf:1    | Reached XP level 16. HP: 120/154 MP: 15/15
 30672 | Elf:1    | Paralysed by an air elemental for 1 turns
 31866 | Elf:1    | Found Nihoupt's Weapon Emporium.
 31912 | Elf:1    | Paralysed by an air elemental for 1 turns
 32176 | Elf:2    | Identified the +0 cloak of Grace {+Inv Dex-2 Slay+6}
 32322 | Elf:2    | Found Qatax's Neck Hole.
 32332 | Elf:2    | Found Omumuh's General Store.
 32367 | Elf:2    | Bought a potion of invisibility for 120 gold pieces
 32367 | Elf:2    | Bought a scroll of blinking for 112 gold pieces
 32367 | Elf:2    | Bought a +6 ring of dexterity for 540 gold pieces
 32592 | Elf:2    | Found Niluuzu's Armour Shoppe.
 32600 | Elf:2    | Bought the +0 leather armour of Gluttony {rC+ Str+5 Int+2}
                  | for 583 gold pieces
 32642 | Elf:2    | Found a huge runed translucent gate.
 32642 | Elf:2    | Found a huge runed translucent gate.
 32652 | Elf:2    | Found a huge runed translucent gate.
 32653 | Elf:2    | Found a huge runed translucent gate.
 32654 | Elf:2    | Found a huge runed translucent gate.
 32769 | Elf:2    | Found Wadoilem's Magic Scroll Emporium.
 32777 | Elf:2    | Bought a scroll of butterflies for 64 gold pieces
 32777 | Elf:2    | Bought a scroll of acquirement for 832 gold pieces
 32777 | Elf:2    | Bought a scroll of teleportation for 48 gold pieces
 32777 | Elf:2    | Bought a scroll of fog for 64 gold pieces
 32777 | Elf:2    | Bought a scroll of poison for 64 gold pieces
 33107 | Elf:2    | Found Vyilic's Assorted Antiques.
 33119 | Elf:2    | Bought a scroll of fog for 144 gold pieces
 33119 | Elf:2    | Bought a potion of cancellation for 288 gold pieces
 33119 | Elf:2    | Bought a potion of heal wounds for 180 gold pieces
 34045 | Elf:2    | Reached skill level 18 in Fighting
 34347 | Elf:2    | HP: 5/235 [+1 executioner's axe of flaming (7)]
 34349 | Elf:2    | Annihilated by a +1 executioner's axe of flaming

Illustrated notes

Levels and vault maps discovered:
D:1:      dpeg_arrival_round_a, layout_loops_ring, serial_shops,
          nicolae_shop_window_shopping, shop, nicolae_diamond_shop
D:2:      layout_rooms, chequers_serial_rivers_large_a
D:3:      layout_rooms, ebering_ecumenical_altar_sacrificial, serial_aquarium,
          aquarium_bridge_island_small [aquarium_subvault_small_open,
          aquarium_subvault_bridge, aquarium_subvault_bridge,
          aquarium_subvault_wall, aquarium_subvault_balcony], aquarium_window_1,
          aquarium_window_fake, aquarium_view_2f, aquarium_view_2b,
          aquarium_balcony_3b, aquarium_pool_1, st_stairs_9, minmay_unequal,
          uniq_robin
D:4:      layout_loops_corners, minmay_temple_entry_statues_pillars,
          gammafunk_ghost_arena, nicolae_titane, uniq_edmund, uniq_menkaure,
          uniq_sigmund
D:5:      cheibrodos_two_vegetables, layout_loops_ring,
          chequers_serial_rivers_room_b, small_statue_intersection,
          grunt_ministairs_9, chequers_serial_rivers_marsh,
          minmay_strange_pillars, uniq_prince_ribbit1
D:6:      layout_cave_pools, uniq_crazy_yiuf_cottage, uniq_pikel, uniq_eustachio
D:7:      cheibrodos_quashed, layout_gridville
D:8:      layout_cave_pools, nicolae_overflow_squiral
D:9:      layout_rooms, st_stairs_1
D:10:     lemuel_castle_with_subvaults [lemuel_castle_interior_carwin_2],
          layout_irregular_city, minmay_lair_entry_grove,
          hangedman_abyss_or_decor_slice, corexii_checkpoint_a,
          guppyfry_shop_venom, uniq_lodul
D:11:     layout_irregular_city, serial_shops, shop
D:12:     layout_gridville, minivault_26, zin_scriptorium, uniq_sonja
D:13:     layout_irregular_city
D:14:     layout_gridville, david_vaults_4
Temple:   mainiacjoe_temple_cubbyholes
Lair:1:   layout_roguey, serial_forest, infiniplex_forest_lined_room_2,
          infiniplex_forest_lined_2, infiniplex_forest_clump_diagonal,
          infiniplex_forest_straight_2, infiniplex_forest_clump_small,
          infiniplex_forest_zigzag_2, infiniplex_forest_lined_room_2
Lair:2:   beast_lair_carwin_large_4, layout_regular_city,
          nicolae_snake_entry_warm_welcome, uniq_harold
Lair:3:   layout_gridlike, minmay_shoals_entry_lonely_mermaid, uniq_nergalle
Lair:4:   layout_gridlike, nzn_ghost_randoct, nicolae_quartered_pool_medium,
          st_stairs_10
Lair:5:   guppyfry_lair_end_dragon, layout_cave_pods,
          hangedman_lair_caniforms_friends, slime_entry_2, uniq_nessos
Snake:1:  layout_grid_maze, basic_altar, nicolae_large_snake_swirl,
          uniq_mlioglotl
Snake:2:  layout_chambers, ebering_ghost_reflecting_pool
Orc:1:    layout_diamond_mine, mines2_david, uniq_snorg
Orc:2:    st_orc_mages, layout_caves, serial_shops,
          nicolae_shop_just_a_little_nook
Elf:1:    minmay_elf_arrival_circle, layout_loops_cross, serial_shops,
          nicolae_shop_peninsula, hangedman_corner_corridor, minivault_5
Elf:2:    elven_hall_of_blades_hangedman_alternative
          [nicolae_blade_entry_diamond_columns], layout_geoelf_grid,
          serial_shops, shop_fountains, shop, nicolae_shop_just_a_little_nook,
          nicolae_shop_real_fake_doors, nicolae_shop_sticking_my_neck_out

Skill      XL: |  1  2  3  4  5  6  7  8  9 10 11 12 13 14 15 16 |
---------------+-------------------------------------------------+-----
Armour         | 1 2 3 4 5 6 8 10 11 13 15 16 17 | 17.9
Staves         | 4 5 6 7 9 10 12 | 12.0
Fighting       | 3 4 5 6 7 9 10 12 14 15 16 17 18 | 18.0
Dodging        | 4 5 6 7 8 10 11 13 14 15 16 | 16.9
Evocations     | 3 6 7 9 |  9.4
Earth Magic    | 3 5 7 8 |  8.6
Throwing       | |  2.0

Action                     |  1- 3 |  4- 6 |  7- 9 | 10-12 | 13-15 | 16-18 || total
---------------------------+-------+-------+-------+-------+-------+-------++-------
  Melee: Quarterstaff      |    71 |   101 |   175 |   594 |  1366 |   390 ||  2697
         Headbutt          |    16 |    19 |    46 |   174 |   468 |   124 ||   847
  Throw: Boomerang         |       |       |     1 |     6 |       |     1 ||     8
 Invoke: Call Merchant     |       |       |       |       |     1 |       ||     1
  Evoke: Box of beasts     |       |       |       |     2 |     1 |       ||     3
         Wand              |       |       |       |     1 |     3 |       ||     4
    Use: Scroll            |       |       |     6 |     2 |    15 |     7 ||    30
         Potion            |       |       |     2 |     2 |     2 |     6 ||    12
   Stab: Sleeping          |       |     2 |     1 |     3 |     1 |     2 ||     9
         Distracted        |       |       |       |     8 |    16 |       ||    24
         Petrifying        |       |       |       |     1 |     3 |       ||     4
         Petrified         |       |       |       |     1 |       |       ||     1
         Confused          |       |       |       |       |    12 |     6 ||    18
         Paralysed         |       |       |       |       |     5 |       ||     5
 Armour: Leather armour    |    12 |    19 |    28 |    75 |   177 |    42 ||   353
  Dodge: Dodged            |    47 |    94 |   182 |   576 |  1446 |   345 ||  2690
Riposte: Quarterstaff      |       |     3 |    56 |   115 |   283 |    61 ||   518
